 Dungeon Crawl Stone Soup version 0.20.2-3-g29329e0561 (webtiles) character file.

70 Alfie the Skirmisher (level 4, -3/40 HPs)
             Began as a Hill Orc Fighter on Feb 8, 2023.
             Slain by Alfie's ghost (7 damage)
             ... on level 3 of the Dungeon.
             The game lasted 00:02:55 (1403 turns).

Alfie the Skirmisher (Hill Orc Fighter)             Turns: 1403, Time: 00:02:55

Health: -3/40      AC:  8    Str: 19    XL:     4   Next: 22%
Magic:  4/4        EV:  7    Int:  8    God:
Gold:   70         SH:  9    Dex: 10    Spells: 3/3 levels left

rFire    . . .     SeeInvis .   a - +0 rapier
rCold    . . .     Gourm    .   c - +0 shield
rNeg     . . .     Faith    .   b - +0 scale mail
rPois    .         Spirit   .   (no helmet)
rElec    .         Reflect  .   (no cloak)
rCorr    .         Harm     .   (no gloves)
MR       .....                  q - +0 pair of boots
Stlth    ..........             (no amulet)
Regen    0.2/turn               (no ring)
MPRegen  0.1/turn               (no ring)

@: lethally poisoned (-3 -> -5)
A: no striking features
a: no special abilities


You were on level 3 of the Dungeon.
You were not hungry.

You visited 1 branch of the dungeon, and saw 3 of its levels.

You collected 70 gold pieces.

Inventory:

Hand Weapons
 a - a +0 rapier (weapon)
Armour
 b - a +0 scale mail (worn)
 c - a +0 shield (worn)
 q - a +0 pair of boots (worn)
Scrolls
 e - 2 scrolls of amnesia {unknown}
 g - 2 scrolls of recharging {unknown}
 h - 3 scrolls of identify {unknown}
 l - a scroll of enchant weapon {unknown}
 r - a scroll of noise {unknown}
 s - 3 scrolls of remove curse {unknown}
 t - 3 scrolls of enchant armour {unknown}
Potions
 d - 2 potions of might
 j - a potion of cancellation {unknown}
 k - a potion of berserk rage {unknown}
 m - 2 potions of flight {unknown}
 n - a potion of heal wounds {unknown}
 o - a potion of invisibility {unknown}
 p - a potion of haste {unknown}
Comestibles
 f - a bread ration
 i - 2 royal jellies


   Skills:
 + Level 4.2 Fighting
 + Level 2.6 Short Blades
 + Level 3.8 Armour
 + Level 0.2 Dodging
 + Level 4.0 Shields


You had 3 spell levels left.
You didn't know any spells.

Dungeon Overview and Level Annotations

Branches:
Dungeon (3/15)

Altars:
Uskayaw

Annotations:
D:3 Alfie's ghost, amateur HOFi


Message History

You closely miss the adder.
The adder is lightly wounded.
You feel sick. The adder barely misses you.
Alfie's ghost says, "You can hit me, but you can't hurt me."
You barely miss the adder.
The adder is lightly wounded.
The adder bites you. The adder bites you but does no damage.
Alfie's ghost hits you.
You closely miss the adder.
The adder is lightly wounded.
The adder bites you but does no damage. Alfie's ghost hits you!
You puncture the adder!
The adder is almost dead.
You feel sick. The adder barely misses you. Alfie's ghost hits you!
* * * LOW HITPOINT WARNING * * *
You block the adder's attack.
You miss the adder.
The adder is almost dead.
You block the adder's attack. Alfie's ghost hits you!
You die...

# #.......# ..
#.#.##. #
####_#### ...
#.#..#. #
#####..###....
#.##.#.
#.............
#......
#.#.##..#.....
####.## #.##..#
.... #.#
#.....# ### #.#
#..##S# #.# #..
#@# #.#
#.......W..#
...
####.####......
#.... # ..##..
#.... .# .....
.# #.... .
W.... ##


You could see Alfie's ghost and an adder.

Vanquished Creatures
  Terence (D:2)
  2 adders (D:2)
  A worm (D:2)
  A dart slug (D:1)
  A leopard gecko (D:2)
  A giant cockroach (D:2)
  3 jackals (D:1)
  4 kobolds
  4 bats
  5 frilled lizards
  A goblin (D:1)
  5 rats
29 creatures vanquished.

Notes
Turn   | Place    | Note
-------+----------+-------------------------------------------
     0 | D:1      | Alfie the Hill Orc Fighter began the quest for the Orb.
     0 | D:1      | Reached XP level 1. HP: 19/19 MP: 1/1
   266 | D:1      | Reached XP level 2. HP: 27/27 MP: 2/2
   694 | D:2      | Found a faded altar of an unknown god.
   738 | D:2      | Reached XP level 3. HP: 28/33 MP: 3/3
   775 | D:2      | Noticed Terence
   795 | D:2      | Killed Terence
   795 | D:2      | Reached XP level 4. HP: 36/40 MP: 4/4
   877 | D:2      | You fall through a shaft!
   947 | D:3      | Noticed Alfie's ghost (amateur HOFi)
   978 | D:3      | Found a hide-covered altar of Uskayaw.
  1403 | D:3      | Slain by Alfie's ghost

Skill      XL: |  1  2  3 |
---------------+----------+-----
Fighting       | 4 |  4.2
Shields        | 4 |  4.0
Short Blades   | |  2.6
Armour         | |  3.8
Dodging        | |  0.2

Action                   |  1- 3 |  4- 6 || total
-------------------------+-------+-------++-------
Melee: Rapier            |    82 |    20 ||   102
  Eat: Royal jelly       |       |     1 ||     1
Armor: Scale mail        |    24 |     9 ||    33
Dodge: Dodged            |    22 |     8 ||    30
Block: Shield            |    38 |     8 ||    46
